 Dungeon Crawl Stone Soup version 0.20.1-1-g8b1a95d66d (webtiles) character file.

3090 Merkmirnix the Cleaver (level 9, -4/82 HPs)
             Began as a Minotaur Berserker on Dec 27, 2018.
             Was an Elder of Trog.
             Slain by Gastronok (22 damage)
             ... on level 8 of the Dungeon.
             The game lasted 00:14:24 (6254 turns).

Merkmirnix the Cleaver (Minotaur Berserker)         Turns: 6254, Time: 00:14:24

Health: -4/82      AC: 15    Str: 25    XL:     9   Next: 59%
Magic:  8/8        EV:  8    Int:  4    God:    Trog [****..]
Gold:   344        SH:  0    Dex: 10    Spells: 8/8 levels left

rFire    . . .     SeeInvis .   r - +0 war axe
rCold    . . .     Gourm    .   (no shield)
rNeg     . . .     Faith    .   t - +0 plate armour
rPois    .         Spirit   .   (helmet restricted)
rElec    .         Reflect  .   (no cloak)
rCorr    .         Harm     .   i - +0 pair of gloves
MR       .....                  (no boots)
Stlth    ..........             (no amulet)
Regen    0.3/turn               (no ring)
MPRegen  0.2/turn               (no ring)

@: slowed, very slow
A: retaliatory headbutt, horns 2
a: Berserk, Trog's Hand, Brothers in Arms, Burn Spellbooks, Renounce Religion


You were on level 8 of the Dungeon.
You worshipped Trog.
Trog was greatly pleased with you.
You were very hungry.

You visited 1 branch of the dungeon, and saw 8 of its levels.

You collected 344 gold pieces.

Inventory:

Hand Weapons
 r - a +0 war axe (weapon)
Armour
 i - a +0 pair of gloves (worn)
 t - a +0 plate armour (worn)
Jewellery
 C - a cursed -2 ring of dexterity {unknown}
Wands
 y - a wand of lightning (6/15)
Scrolls
 a - 2 scrolls of enchant weapon {unknown}
 b - 2 scrolls of enchant armour {unknown}
 e - 3 scrolls of recharging {unknown}
 f - 4 scrolls of amnesia {unknown}
 g - a scroll of magic mapping {unknown}
 j - 3 scrolls of identify {unknown}
 k - 3 scrolls of immolation {unknown}
 l - 4 scrolls of teleportation {unknown}
 v - 3 scrolls of random uselessness {unknown}
 w - a scroll of noise {unknown}
Potions
 d - a potion of degeneration {unknown}
 h - a potion of berserk rage {unknown}
 n - 2 potions of lignification {unknown}
 o - a potion of curing {unknown}
 q - 3 potions of agility {unknown}
 s - a potion of heal wounds
 x - a potion of haste
 z - a potion of flight {unknown}
 A - a potion of brilliance {unknown}
 B - a potion of invisibility {unknown}
Comestibles
 c - 6 bread rations
 m - 9 fruits
 p - 3 meat rations
 u - 3 royal jellies


   Skills:
 * Level 8.3 Fighting
 * Level 11.8 Axes
 * Level 8.8 Armour
 - Level 2.1 Dodging


You had 8 spell levels left.
You didn't know any spells.

Dungeon Overview and Level Annotations

Branches:
Dungeon (8/15)             Temple (0/1) D:7
   Lair: D:8-11

Altars:
Cheibriados
Dithmenos
Fedhas
Makhleb
Uskayaw
Xom
Yredelemnul

Shops:
D:5 *   D:6 %

Annotations:
D:8 Gastronok


Innate Abilities, Weirdness & Mutations

You reflexively headbutt those who attack you in melee.
You have a pair of horns on your head.


Message History

You slash Gastronok! You headbutt Gastronok.
Gastronok is severely wounded.
Gastronok chants a spell, wobbling all the while.
You feel a sudden, passing aversion to salt.
You hit Gastronok.
Gastronok is severely wounded.
You slash Gastronok!
Gastronok is severely wounded.
Gastronok waves his eye-stalks in wide circles.
The air twists around and strikes you!
* * * LOW HITPOINT WARNING * * *
You hit Gastronok.
Gastronok is severely wounded.
Gastronok bites you but does no damage.
You hit Gastronok.
Gastronok is severely wounded.
You hit Gastronok.
Gastronok is severely wounded.
Gastronok bites you!!
You die...

# #. #$#.
#.#.## ....# ##
...##_# #
..$8.#.#!
#........
#w.......
#@#8.#.#. #.#
## #.# ### ###
#.# #.# #.#
####.#####.#
#.#
#..........#
#)#
.....##.#####.#
#.# .... ...#
#.#####.# ..#
##### #.......#


You could see Gastronok.

Vanquished Creatures
  A two-headed ogre (D:5)
  The ghost of Erymatos the Basher, a novice MiBe of Trog (D:6)
  Sigmund (D:5)
  2 sky beasts (D:7)
  3 ogres
  2 centaurs
  A scorpion (D:7)
  A howler monkey (D:6)
  A centaur zombie (D:5)
  2 crimson imps
  A bullfrog zombie (D:7)
  5 hounds
  2 orc priests
  Terence (D:2)
  An iguana (D:4)
  5 orc wizards
  9 worker ants
  A killer bee zombie (D:6)
  A hound skeleton (D:6)
  3 worker ant zombies
  Robin (D:2)
  13 gnolls
  A howler monkey skeleton (D:5)
  5 adders
  A shadow imp (D:7)
  2 oozes
  An adder zombie (D:7)
  2 worms (D:3)
  3 dart slugs
  5 leopard geckos
  20 orcs
  10 bats
  5 giant cockroaches
  18 goblins
  10 hobgoblins
  6 jackals
  5 kobolds
  4 quokkas
  A ball python (D:2)
  5 frilled lizards
  2 jackal skeletons
  A leopard gecko skeleton (D:6)
  A quokka zombie (D:6)
  7 rats
173 creatures vanquished.

Notes
Turn   | Place    | Note
-------+----------+-------------------------------------------
     0 | D:1      | Merkmirnix the Minotaur Berserker began the quest for the Orb.
     0 | D:1      | Reached XP level 1. HP: 19/19 MP: 0/0
    75 | D:1      | Reached XP level 2. HP: 12/27 MP: 1/1
   286 | D:1      | Reached skill level 4 in Axes
   663 | D:1      | Reached XP level 3. HP: 30/33 MP: 2/2
   903 | D:2      | Reached ** piety under Trog
   906 | D:2      | Found a basalt altar of Yredelemnul.
   975 | D:2      | Reached skill level 5 in Axes
  1115 | D:2      | Noticed Robin
  1131 | D:2      | Reached XP level 4. HP: 28/40 MP: 3/3
  1136 | D:2      | Killed Robin
  1366 | D:2      | Noticed Terence
  1386 | D:2      | Killed Terence
  1476 | D:2      | Reached skill level 5 in Fighting
  1476 | D:2      | Reached XP level 5. HP: 5/48 MP: 4/4
  2115 | D:3      | Reached skill level 6 in Axes
  2350 | D:3      | Reached *** piety under Trog
  2354 | D:3      | Reached XP level 6. HP: 27/56 MP: 5/5
  2739 | D:3      | Found a shimmering altar of Xom.
  2855 | D:3      | You fall through a shaft for 2 floors!
  2855 | D:5      | Entered Level 5 of the Dungeon
  2858 | D:5      | Reached skill level 7 in Axes
  2872 | D:4      | Reached XP level 7. HP: 32/61 MP: 6/6
  2967 | D:4      | Reached skill level 5 in Armour
  3609 | D:5      | Reached skill level 8 in Axes
  3663 | D:5      | Found a shadowy altar of Dithmenos.
  3750 | D:5      | Found Nahaloro's Assorted Antiques.
  3752 | D:5      | Noticed a two-headed ogre
  3761 | D:5      | Killed a two-headed ogre
  3761 | D:5      | Reached skill level 9 in Axes
  3761 | D:5      | Reached XP level 8. HP: 15/71 MP: 7/7
  4078 | D:5      | Reached skill level 10 in Axes
  4328 | D:5      | Noticed Sigmund
  4329 | D:5      | Reached **** piety under Trog
  4339 | D:5      | Killed Sigmund
  4503 | D:6      | Found Jidasseg's Food Boutique.
  4625 | D:6      | Reached XP level 9. HP: 65/79 MP: 8/8
  4870 | D:6      | Found a hide-covered altar of Uskayaw.
  4873 | D:6      | Found a shadowy altar of Dithmenos.
  4876 | D:6      | Found a snail-covered altar of Cheibriados.
  4965 | D:6      | Reached skill level 11 in Axes
  5316 | D:6      | Found a blossoming altar of Fedhas.
  5316 | D:6      | Noticed Erymatos's ghost (novice MiBe)
  5334 | D:6      | Killed Erymatos's ghost
  5495 | D:7      | Found a staircase to the Ecumenical Temple.
  6234 | D:8      | Noticed Gastronok
  6238 | D:8      | Found a burning altar of Makhleb.
  6254 | D:8      | Slain by Gastronok

Skill      XL: |  1  2  3  4  5  6  7  8  9 |
---------------+----------------------------+-----
Axes           | 4 5 6 7 9 10 11 | 11.8
Fighting       | 4 5 6 7 8 |  8.3
Armour         | 3 4 6 7 8 |  8.8
Dodging        | |  2.1

Action                   |  1- 3 |  4- 6 |  7- 9 || total
-------------------------+-------+-------+-------++-------
Melee: Hand axe          |    71 |    71 |       ||   142
       Headbutt          |    12 |    29 |    38 ||    79
       War axe           |       |    42 |   242 ||   284
Invok: Burn Spellbooks   |       |       |     1 ||     1
 Stab: Sleeping          |     1 |       |       ||     1
  Eat: Chunk             |       |     6 |    10 ||    16
Armor: Animal skin       |    18 |       |       ||    18
       Ring mail         |     1 |    28 |       ||    29
       Plate armour      |       |     8 |   119 ||   127
Dodge: Dodged            |    61 |    62 |    82 ||   205
